 Dungeon Crawl Stone Soup version 0.22-a0-429-g97ce8ef (webtiles) character file.

6 Gorice the Skirmisher (level 1, -1/16 HPs)
             Began as a Demonspawn Wanderer on May 25, 2018.
             Slain by a hobgoblin
             ... wielding a +0 club
              (3 damage)
             ... on level 1 of the Dungeon.
             The game lasted 00:01:39 (170 turns).

Gorice the Skirmisher (Demonspawn Wanderer)          Turns: 170, Time: 00:01:41

Health: -1/16      AC:  5    Str: 12    XL:     1   Next: 75%
Magic:  1/1        EV: 10    Int: 13    God:
Gold:   3          SH:  0    Dex: 12    Spells: 0/0 levels left

rFire    . . .     SeeInvis .   a - +0 quarterstaff
rCold    . . .     Gourm    .   (shield currently unavailable)
rNeg     . . .     Faith    .   j - +0 ring mail (curse)
rPois    .         Spirit   .   (no helmet)
rElec    .         Reflect  .   (no cloak)
rCorr    .         Harm     .   (no gloves)
MR       .....                  (no boots)
Stlth    +.........             (no amulet)
HPRegen  0.05/turn              (no ring)
MPRegen  0.07/turn              (no ring)

@: no status effects
A: no striking features
a: no special abilities


You were on level 1 of the Dungeon.
You were not hungry.

You visited 1 branch of the dungeon, and saw 1 of its levels.

You collected 3 gold pieces.

Inventory:

Hand Weapons
 a - a +0 quarterstaff (weapon)
 b - a +2 hand crossbow
 f - a +0 dagger
Missiles
 c - 22 bolts
 Y - 57 stones (quivered)
Armour
 e - a +0 robe
 j - a cursed +0 ring mail (worn)
 k - a +0 scale mail
Jewellery
 h - an uncursed amulet of faith {unknown}
Potions
 d - a potion of lignification {!q}
Comestibles
 g - 2 rations
 i - 2 chunks of flesh


   Skills:
 - Level 2.0 Fighting
 - Level 1.0 Short Blades
 * Level 1.2 Staves
 - Level 1.7 Crossbows
 - Level 1.0 Armour
 - Level 1.0 Dodging
 - Level 1.7 Stealth
   Level 1.0 Shields


You couldn't memorise any spells.
You didn't know any spells.
Your spell library was empty.

Dungeon Overview and Level Annotations

Branches:
Dungeon (1/15)

Altars:


Message History

You see here a rat skeleton.
Found a ring mail.
Found a stone staircase leading down.
A kobold comes into view.
The kobold shouts!
A hobgoblin comes into view. It is wielding a club.
Found a ration.
The hobgoblin shouts!
You sock the kobold!
You kill the kobold!
You see here a kobold corpse.
The hobgoblin hits you but does no damage.
You hit the hobgoblin.
You kill the hobgoblin!
No target in view!
No target in view!
No target in view!
You see here a kobold corpse.
g - 2 rations (gained 1)
Found a scale mail.
Found 18 stones.
Found 3 gold pieces.
You see here a scale mail.
You see here a scale mail.
k - a scale mail
Y - 57 stones (gained 18)
You now have 3 gold pieces.
A hobgoblin comes into view. It is wielding a club.
Found a fizzy clear potion and 13 arrows.
The hobgoblin shouts!
You hear a shout!
A goblin comes into view.
It is wielding a dagger of electrocution.
Found a green potion.
The hobgoblin hits you but does no damage.
You hit the hobgoblin but do no damage. The hobgoblin hits you with a club.
A hobgoblin comes into view.
Damage: 2 (max 2)
The hobgoblin shouts!
You hit the hobgoblin.
The hobgoblin is moderately wounded.
You hear a shout!
The hobgoblin barely misses you.
A kobold comes into view. It is wielding a short sword.
The goblin hits you but does no damage.
You are electrocuted!
Ouch! That really hurt!
* * * LOW HITPOINT WARNING * * *
You hear a shout!
Damage: 12 (max 12) Unknown command.
The hobgoblin hits you with a club.
You die...

#...###..####.....##
....................
..#.###.####..###.##
#.###.####.## #...
#.##.......# #.## .#####
#.##.####### ##.## ......
#.#.......# ##..##
......##.#..####.###.....
....!...@................
.......g...#.###.###...#.
..(..#.g..............#.
.... #.######'#.####....
... #.# ##.#.####...# .#
..# ##..#......... ##g#
##...######...#
#.###....## #..##
!K##......######.#


You could see 2 hobgoblins and a goblin.

Vanquished Creatures
  A bat (D:1)
  A goblin (D:1)
  A hobgoblin (D:1)
  A frilled lizard (D:1)
  A kobold (D:1)
  A rat (D:1)
6 creatures vanquished.

Notes
Turn   | Place    | Note
-------+----------+-------------------------------------------
     0 | D:1      | Gorice the Demonspawn Wanderer began the quest for the Orb.
     0 | D:1      | Gorice set off with: a +2 hand crossbow, 22 bolts, a +0 quarterstaff, a potion of lignification {!q}, a +0 robe, a +0 dagger, a ration
     0 | D:1      | Reached XP level 1. HP: 16/16 MP: 1/1
    72 | D:1      | Reached skill level 1 in Staves
   168 | D:1      | HP: 2/16 [goblin/dagger of electrocution (12)]
   170 | D:1      | Slain by a hobgoblin

Vault maps used:
D:1:      mrwooster_arrival_arrow, hangedman_decor_growths,
          hangedman_abyss_or_decor_lesser_grid, st_stairs_10,
          minmay_tetromino_i2

Skill      XL: |  1 |
---------------+----+-----
Staves         | 1 |  1.2
Fighting       | |  2.0
Short Blades   | |  1.0
Crossbows      | |  1.7
Armour         | |  1.0
Dodging        | |  1.0
Stealth        | |  1.7
Shields        | |  1.0

Action                   || total
-------------------------++-------
Melee: Quarterstaff      ||    15
 Fire: Hand crossbow     ||     1
Armor: Robe              ||     3
       Ring mail         ||     1
Dodge: Dodged            ||    16

Table legend:
 A = Spawn XP
 B = Non-spawn XP
 C = Spawn XP percentage of total XP
 D = Spawn monster count
 E = Non-spawn monster count
 F = Spawn count percentage of total count
 G = Total turns spent on level
                    A         B        C        D         E        F      G
               +---------+---------+-------+---------+---------+-------+---------
         Total |       0 |       9 |   0.0 |       0 |       6 |   0.0 |   170
               +---------+---------+-------+---------+---------+-------+---------
           D:1 |       0 |       9 |   0.0 |       0 |       6 |   0.0 |   170
               +---------+---------+-------+---------+---------+-------+---------

Table legend:
 A = Turns spent in this place as a percentage of turns spent in the entire game.
 B = Non-inter-level travel turns spent in this place as a percentage of non-inter-level travel turns spent in the entire game.
 C = Inter-level travel turns spent in this place as a percentage of turns spent in this place.
 D = Turns resting spent in this place as a percentage of non-inter-level travel turns spent in this place.
 E = Turns spent auto-exploring this place as a percentage of non-inter-level travel turns spent in this place.
 F = Non-inter-level travel turns spent in this place divided by the number of levels of this place that you've seen.
                   A       B       C       D       E      F
               +-------+-------+-------+-------+-------+----------------------
         Total | 100.0 | 100.0 |   0.0 |   0.0 |  31.8 | 170.0
       Dungeon | 100.0 | 100.0 |   0.0 |   0.0 |  31.8 | 170.0
               +-------+-------+-------+-------+-------+----------------------

Vault maps used:
D:1:      mrwooster_arrival_arrow, hangedman_decor_growths,
          hangedman_abyss_or_decor_lesser_grid, st_stairs_10,
          minmay_tetromino_i2
